3A
GRAND FORKS CATERPILLARS @ KENNESAW JETS
08/12/2030
 
TOP OF THE 1ST
Grand Forks Caterpillars batting - Pitching for Kennesaw Jets : RHP Cristóbal Román
Pitching: RHP Cristóbal Román
Batting: LHB Mo-ruo Teoh 0-0: Called Strike
0-1: Called Strike
0-2: Ball
1-2: Ball
2-2: Foul Ball, location: 2F
2-2: SINGLE (Line Drive, 7LS)
Batting: RHB Rusty Nicholson 0-0: Ball
1-0: Ball
2-0: Ball
3-0: Called Strike
3-1: Fielders Choice at 2nd, 4-6 (Groundball, 34)
Batting: RHB Jun Kung 0-0: Foul Ball, location: 2F
0-1: Swinging Strike
0-2: Ball
1-2: Strikes out looking
Batting: SHB Jorge Alou 0-0: Ball
1-0: Ground out 4-3 (Groundball, 4S)
Top of the 1st over - 0 runs, 1 hit, 0 errors, 1 left on base; Grand Forks 0 - Kennesaw 0
BOTTOM OF THE 1ST
Kennesaw Jets batting - Pitching for Grand Forks Caterpillars : LHP John Carlson
Pitching: LHP John Carlson
Batting: RHB Javier De La Garza 0-0: Ground out 4-3 (Groundball, 4)
Batting: LHB Rob Rodríguez 0-0: Ball
1-0: Ball
2-0: Called Strike
2-1: Foul Ball, location: 2F
2-2: Strikes out swinging
Batting: RHB John Shultz 0-0: Ground out 6-3 (Groundball, 6)
Bottom of the 1st over - 0 runs, 0 hits, 0 errors, 0 left on base; Grand Forks 0 - Kennesaw 0
TOP OF THE 2ND
Grand Forks Caterpillars batting - Pitching for Kennesaw Jets : RHP Cristóbal Román
Batting: RHB Roberto Flores 0-0: Ball
1-0: Swinging Strike
1-1: Swinging Strike
1-2: Foul Ball, location: 2F
1-2: Foul Ball, location: 2F
1-2: Ball
2-2: SINGLE (Groundball, 56S) (infield hit)
Batting: RHB Luis Pérez 0-0: Fielders Choice at 2nd, 6-4 (Groundball, 6)
Batting: RHB Karsten Naarden 0-0: Called Strike
0-1: Swinging Strike
0-2: Ball
1-2: Strikes out swinging
Batting: RHB Juan Gurule 0-0: Ball
Luis Pérez steals 2nd base
1-0: Ball
2-0: Called Strike
2-1: SINGLE (Line Drive, 8LS)
Luis Pérez to third
Runner from 3rd tries for Home, SAFE, no throw
Batting: RHB Cristián Ortíz Pickoff Throw to First - Error! E1
Juan Gurule to second
0-0: Swinging Strike
0-1: Ground out 4-3 (Groundball, 4)
Top of the 2nd over - 1 run, 2 hits, 1 error, 1 left on base; Grand Forks 1 - Kennesaw 0
BOTTOM OF THE 2ND
Kennesaw Jets batting - Pitching for Grand Forks Caterpillars : LHP John Carlson
Batting: LHB Sandor Addicks 0-0: Foul Ball, location: 2F
0-1: Fly out, F7 (Flyball, 7D)
Batting: RHB Maurice Tremain 0-0: Foul Ball, location: 2F
0-1: SINGLE (Line Drive, 8RM)
Batting: RHB Miguel Angel Montaño 0-0: Ball
1-0: Called Strike
1-1: Swinging Strike
1-2: Ball
2-2: Foul Ball, location: 2F
2-2: Foul Ball, location: 2F
2-2: SINGLE (Line Drive, 7S)
Maurice Tremain to second
Batting: RHB Jason Hopdown 0-0: Foul Ball, location: 2F
0-1: Called Strike
0-2: Foul Ball, location: 2F
0-2: Foul Ball, location: 2F
0-2: Ball
1-2: Ball
2-2: Strikes out swinging
Batting: SHB Jack MacJarrow 0-0: Called Strike
0-1: Ball
1-1: Ball
2-1: Ball
3-1: SINGLE (Line Drive, 78S)
Maurice Tremain to third
Miguel Angel Montaño to second
Batting: RHB Juan Herrera 0-0: Foul Ball, location: 2F
0-1: Foul Ball, location: 2F
0-2: SINGLE (Groundball, 56D)
Maurice Tremain scores
Miguel Angel Montaño to third
Jack MacJarrow to second
Runner from 3rd tries for Home, SAFE, no throw
Batting: RHB Javier De La Garza 0-0: Ball
1-0: Foul Ball, location: 2F
1-1: Ball
2-1: Ground out 5-3 (Groundball, 56)
Bottom of the 2nd over - 2 runs, 4 hits, 0 errors, 2 left on base; Grand Forks 1 - Kennesaw 2
TOP OF THE 3RD
Grand Forks Caterpillars batting - Pitching for Kennesaw Jets : RHP Cristóbal Román
Batting: LHB Mo-ruo Teoh 0-0: Called Strike
0-1: Swinging Strike
0-2: Foul Ball, location: 2F
0-2: Ground out 6-3 (Groundball, 6M)
Batting: RHB Rusty Nicholson 0-0: Called Strike
0-1: Ground out 6-3 (Groundball, 6)
Batting: RHB Jun Kung 0-0: Called Strike
0-1: Foul Ball, location: 2F
0-2: DOUBLE (Line Drive, 9D)
Batting: SHB Jorge Alou 0-0: SINGLE (Groundball, 34D)
Jun Kung to third
Runner from 3rd tries for Home, SAFE, no throw
Batting: RHB Roberto Flores 0-0: Ball
Wild Pitch!
Jorge Alou to second
1-0: Ball
2-0: Called Strike
2-1: Ball
3-1: Foul Ball, location: 2F
3-2: Fly out, F6 (Popup, 6S)
Top of the 3rd over - 1 run, 2 hits, 0 errors, 1 left on base; Grand Forks 2 - Kennesaw 2
BOTTOM OF THE 3RD
Kennesaw Jets batting - Pitching for Grand Forks Caterpillars : LHP John Carlson
Batting: LHB Rob Rodríguez 0-0: Called Strike
0-1: Ball
1-1: Ball
2-1: Ball
3-1: Base on Balls
Batting: RHB John Shultz 0-0: Ball
1-0: Called Strike
1-1: Called Strike
1-2: Foul Ball, location: 2F
1-2: Ball
2-2: Foul Ball, location: 2F
2-2: Fly out, F2 (Popup, 25F)
Batting: LHB Sandor Addicks 0-0: Called Strike
0-1: Ball
1-1: Ball
2-1: Swinging Strike
2-2: Fly out, F7 (Flyball, 7)
Batting: RHB Maurice Tremain 0-0: Ball
1-0: Called Strike
1-1: Fly out, F9 (Flyball, 9)
Bottom of the 3rd over - 0 runs, 0 hits, 0 errors, 1 left on base; Grand Forks 2 - Kennesaw 2
TOP OF THE 4TH
Grand Forks Caterpillars batting - Pitching for Kennesaw Jets : RHP Cristóbal Román
Batting: RHB Luis Pérez 0-0: Ball
1-0: Ball
2-0: Ground out 6-3 (Groundball, 6M)
Batting: RHB Karsten Naarden 0-0: Called Strike
0-1: Called Strike
0-2: Ball
1-2: Ball
2-2: Ground out 4-3 (Groundball, 4)
Batting: RHB Juan Gurule 0-0: Called Strike
0-1: Called Strike
0-2: Foul Ball, location: 2F
0-2: Ball
1-2: Foul Ball, location: 2F
1-2: Strikes out swinging
Top of the 4th over - 0 runs, 0 hits, 0 errors, 0 left on base; Grand Forks 2 - Kennesaw 2
BOTTOM OF THE 4TH
Kennesaw Jets batting - Pitching for Grand Forks Caterpillars : LHP John Carlson
Pitching: RHP Carlos Cardoso
Batting: RHB Miguel Angel Montaño 0-0: Ball
1-0: Foul Ball, location: 2F
1-1: Foul Ball, location: 2F
1-2: Strikes out looking
Batting: RHB Jason Hopdown 0-0: Called Strike
0-1: Foul Ball, location: 2F
0-2: SINGLE (Line Drive, 78S)
Batting: SHB Jack MacJarrow 0-0: Ball
1-0: Ball
2-0: Called Strike
2-1: Foul Ball, location: 2F
2-2: Strikes out swinging
Batting: RHB Juan Herrera 0-0: Ground out 5-3 (Groundball, 56S)
Bottom of the 4th over - 0 runs, 1 hit, 0 errors, 1 left on base; Grand Forks 2 - Kennesaw 2
TOP OF THE 5TH
Grand Forks Caterpillars batting - Pitching for Kennesaw Jets : RHP Cristóbal Román
Batting: RHB Cristián Ortíz 0-0: Ball
1-0: Fly out, F7 (Flyball, 78M)
Batting: LHB Mo-ruo Teoh 0-0: SINGLE (Line Drive, 7S)
Batting: RHB Rusty Nicholson 0-0: Ball
Mo-ruo Teoh is caught stealing 2nd base
1-0: Ball
2-0: Called Strike
2-1: Called Strike
2-2: Strikes out looking
Top of the 5th over - 0 runs, 1 hit, 0 errors, 0 left on base; Grand Forks 2 - Kennesaw 2
BOTTOM OF THE 5TH
Kennesaw Jets batting - Pitching for Grand Forks Caterpillars : RHP Carlos Cardoso
Batting: RHB Javier De La Garza 0-0: Ball
1-0: Ball
2-0: Called Strike
2-1: Called Strike
2-2: Strikes out swinging
Batting: LHB Rob Rodríguez 0-0: Ball
1-0: SINGLE (Groundball, 56S) (infield hit)
Batting: RHB John Shultz 0-0: Ball
1-0: Fly out, F7 (Flyball, 7S)
Batting: LHB Sandor Addicks 0-0: Ball
1-0: Ball
2-0: Called Strike
2-1: 2-RUN HOME RUN (Flyball, 9D), Distance : 338 ft
Batting: RHB Maurice Tremain 0-0: Ball
1-0: Foul Ball, location: 2F
1-1: Ball
2-1: Ball
3-1: Swinging Strike
3-2: Foul Ball, location: 2F
3-2: Ground out 6-3 (Groundball, 6)
Bottom of the 5th over - 2 runs, 2 hits, 0 errors, 0 left on base; Grand Forks 2 - Kennesaw 4
TOP OF THE 6TH
Grand Forks Caterpillars batting - Pitching for Kennesaw Jets : RHP Cristóbal Román
Batting: RHB Jun Kung 0-0: Ball
1-0: Ball
2-0: Ball
3-0: Called Strike
3-1: Foul Ball, location: 2F
3-2: Ground out 4-3 (Groundball, 4)
Batting: SHB Jorge Alou 0-0: Ball
1-0: Ball
2-0: Ball
3-0: Called Strike
3-1: Fly out, F8 (Flyball, 8LD)
Batting: RHB Roberto Flores 0-0: Foul Ball, location: 2F
0-1: Ground out 6-3 (Groundball, 6)
Top of the 6th over - 0 runs, 0 hits, 0 errors, 0 left on base; Grand Forks 2 - Kennesaw 4
BOTTOM OF THE 6TH
Kennesaw Jets batting - Pitching for Grand Forks Caterpillars : RHP Carlos Cardoso
Pitching: RHP Mike Orrsborne
Batting: RHB Miguel Angel Montaño 0-0: Ball
1-0: Ball
2-0: Ball
3-0: Base on Balls
Batting: RHB Jason Hopdown 0-0: Called Strike
0-1: Ball
1-1: Swinging Strike
1-2: Ball
2-2: Strikes out swinging
Batting: SHB Jack MacJarrow 0-0: DOUBLE (Flyball, 9D)
Miguel Angel Montaño to third
Batting: RHB Juan Herrera 0-0: Foul Ball, location: 2F
0-1: Swinging Strike
0-2: Foul Ball, location: 2F
0-2: Ball
1-2: Ground out 6-3 (Groundball, 6)
Batting: RHB Javier De La Garza 0-0: SINGLE (Flyball, 9S)
Miguel Angel Montaño scores
Jack MacJarrow to third
Runner from 3rd tries for Home, throw and OUT!
Bottom of the 6th over - 1 run, 2 hits, 0 errors, 1 left on base; Grand Forks 2 - Kennesaw 5
TOP OF THE 7TH
Grand Forks Caterpillars batting - Pitching for Kennesaw Jets : RHP Cristóbal Román
Batting: RHB Luis Pérez 0-0: Fly out, F7 (Flyball, 7LM)
Batting: RHB Karsten Naarden 0-0: Called Strike
0-1: Ball
1-1: Foul Ball, location: 2F
1-2: SINGLE (Line Drive, 56D)
Batting: RHB Juan Gurule 0-0: Ball
1-0: SINGLE (Flyball, 34D)
Karsten Naarden to second
Runner from 2nd tries for 3rd, SAFE, no throw
Batting: RHB Cristián Ortíz 0-0: Ball
1-0: Called Strike
1-1: Ball
2-1: Ball
3-1: SINGLE (Groundball, 56S) (infield hit)
Karsten Naarden scores
Juan Gurule to second
Pitching: LHP Pierre de Vizcaya
Batting: LHB Mo-ruo Teoh 0-0: Called Strike
0-1: Called Strike
0-2: Strikes out swinging
Batting: RHB Rusty Nicholson 0-0: Called Strike
0-1: Swinging Strike
0-2: Ball
1-2: Ball
2-2: Ball
3-2: Base on Balls
Juan Gurule to third
Cristián Ortíz to second
Batting: RHB Jun Kung 0-0: Ball
1-0: Foul Ball, location: 2F
1-1: Ball
2-1: Ball
3-1: Base on Balls
Juan Gurule scores
Cristián Ortíz to third
Rusty Nicholson to second
Batting: SHB Jorge Alou 0-0: Ball
1-0: Fly out, F1 (Popup, 13)
Top of the 7th over - 2 runs, 3 hits, 0 errors, 3 left on base; Grand Forks 4 - Kennesaw 5
BOTTOM OF THE 7TH
Kennesaw Jets batting - Pitching for Grand Forks Caterpillars : RHP Mike Orrsborne
Batting: LHB Rob Rodríguez 0-0: Ball
1-0: Ball
2-0: Foul Ball, location: 2F
2-1: Called Strike
2-2: Strikes out swinging
Batting: RHB John Shultz 0-0: Foul Ball, location: 2F
0-1: Ball
1-1: Foul Ball, location: 2F
1-2: Strikes out swinging
Batting: LHB Sandor Addicks 0-0: Foul Ball, location: 2F
0-1: Ball
1-1: Ball
2-1: Ball
3-1: SINGLE (Line Drive, 34)
Batting: RHB Maurice Tremain 0-0: Called Strike
0-1: SINGLE (Groundball, 56D)
Sandor Addicks to second
Batting: RHB Miguel Angel Montaño 0-0: Foul Ball, location: 2F
0-1: Ball
1-1: Foul Ball, location: 2F
1-2: Ball
2-2: DOUBLE (Line Drive, 8LD)
Sandor Addicks scores
Maurice Tremain to third
Pinch Hitting: RHB Natsu Tamura 0-0: Called Strike
0-1: Ground out 4-3 (Groundball, 4)
Bottom of the 7th over - 1 run, 3 hits, 0 errors, 2 left on base; Grand Forks 4 - Kennesaw 6
TOP OF THE 8TH
Grand Forks Caterpillars batting - Pitching for Kennesaw Jets : LHP Pierre de Vizcaya
Now in LF: Natsu Tamura
Batting: RHB Roberto Flores 0-0: Called Strike
0-1: Swinging Strike
0-2: Ball
1-2: Ball
2-2: Ball
3-2: Foul Ball, location: 2F
3-2: Strikes out looking
Batting: RHB Luis Pérez 0-0: Foul Ball, location: 2F
0-1: Ball
1-1: Swinging Strike
1-2: Strikes out swinging, 2-3 out at first.
Batting: RHB Karsten Naarden 0-0: Called Strike
0-1: Ball
1-1: Ball
2-1: Ball
3-1: SINGLE (Groundball, 6M) (infield hit)
Batting: RHB Juan Gurule 0-0: Ball
1-0: Ball
2-0: Called Strike
2-1: Foul Ball, location: 2F
2-2: Ball
3-2: Strikes out looking
Top of the 8th over - 0 runs, 1 hit, 0 errors, 1 left on base; Grand Forks 4 - Kennesaw 6
BOTTOM OF THE 8TH
Kennesaw Jets batting - Pitching for Grand Forks Caterpillars : RHP Mike Orrsborne
Batting: SHB Jack MacJarrow 0-0: Ball
1-0: Called Strike
1-1: Foul Ball, location: 2F
1-2: Strikes out swinging
Batting: RHB Juan Herrera 0-0: Ground out 5-3 (Groundball, 56S)
Batting: RHB Javier De La Garza 0-0: Swinging Strike
0-1: Foul Ball, location: 2F
0-2: Foul Ball, location: 2F
0-2: Strikes out looking
Bottom of the 8th over - 0 runs, 0 hits, 0 errors, 0 left on base; Grand Forks 4 - Kennesaw 6
TOP OF THE 9TH
Grand Forks Caterpillars batting - Pitching for Kennesaw Jets : LHP Pierre de Vizcaya
Pitching: RHP Jesús Gonzáles
Batting: RHB Cristián Ortíz 0-0: Ball
1-0: Foul Ball, location: 2F
1-1: Ball
2-1: Ball
3-1: Foul Ball, location: 2F
3-2: DOUBLE (Flyball, 9LD)
Batting: LHB Mo-ruo Teoh 0-0: Ball
1-0: Ground out 4-3 (Groundball, 4)
Cristián Ortíz to third
Batting: RHB Rusty Nicholson 0-0: Ball
1-0: Called Strike
1-1: Foul Ball, location: 2F
1-2: Ball
2-2: SINGLE (Groundball, 34D)
Cristián Ortíz scores
Batting: RHB Jun Kung 0-0: Foul Ball, location: 2F
0-1: Swinging Strike
0-2: Strikes out swinging
Batting: SHB Jorge Alou 0-0: Called Strike
0-1: SINGLE (Flyball, 89S)
Rusty Nicholson to second
Runner from 2nd tries for 3rd, SAFE, no throw
Batting: RHB Roberto Flores 0-0: Ball
1-0: Ball
2-0: Ball
3-0: Called Strike
3-1: Base on Balls
Jorge Alou to second
Batting: RHB Luis Pérez 0-0: Ball
1-0: Called Strike
1-1: Fielders Choice at 2nd, 5-4 (Groundball, 5L)
Top of the 9th over - 1 run, 3 hits, 0 errors, 3 left on base; Grand Forks 5 - Kennesaw 6
Sunday, March 18th, 2018 - OOTP Baseball 18.8 Build 76